[Event "Chinese League Division-A 2024"]
[Site "Fuling Chongqing"]
[Date "2024.07.02"]
[Round "6.17"]
[White "Lu, Shanglei"]
[Black "Nie, Xinyang"]
[Result "1-0"]
[ECO "C00"]
[WhiteElo "2606"]
[BlackElo "2395"]
[Annotator "TA"]
[PlyCount "87"]
[EventDate "2024.06.28"]
[EventType "team-tourn"]
[EventCountry "CHN"]
[SourceTitle "playchess.com"]
[Source "ChessBase"]
[SourceQuality "1"]
[TimeControl "40/5400+30:1800+30"]

1. e4 e6 2. f4 d5 3. e5 c5 4. Nf3 Nc6 5. c3 d4 6. Bd3 {[%emt 0:00:43] C00: French: Unusual White 2nd moves.} Nge7 7. Be4 Nd5 8. d3 Be7 $146 ({Predecessor:} 8... f5 9. exf6 Nxf6 10. Bxc6+ bxc6 11. O-O Bd6 12. Na3 O-O 13. Nc4 Bc7 14. Nfe5 Ba6 {½-½ Zylka,S (2410)-Nitish,B (2435) Budapest Vezerkepzo GM-A 11 2022 (3)}) 9. c4 Nb6 10. Bxc6+ bxc6 11. Nbd2 O-O 12. Ne4 f5 13. exf6 gxf6 14. O-O Kh8 15. f5 exf5 16. Ng3 Bd6 17. Nh4 Qc7 ({Better is} 17... Bxg3 18. hxg3 Rg8) 18. Qh5 (18. Ngxf5 $6 Bxh2+ 19. Kh1 Bxf5 20. Nxf5 Be5 $14) (18. Nhxf5 $6 Bxf5 19. Rxf5 Rae8 $11) 18... Qf7 19. Qh6 (19. Qf3 $142) 19... Rg8 (19... Bxg3 $142 20. hxg3 Be6) 20. Bf4 $16 Bxf4 21. Rxf4 Be6 22. Nhxf5 Bxf5 23. Rxf5 Nd7 24. Ne4 Rae8 25. Raf1 (25. Nxc5 Re2 26. g3 Nxc5 27. Rxc5 Qe7 $14) (25. Nxf6 Rg6 26. Nxe8 Qxf5 $11) 25... Rxe4 (25... Rg6 $16 26. Qd2 Re5) 26. dxe4 $18 Qxc4 $2 (26... Rg6 {is a better chance.} 27. Qf4 Qe6) 27. Rxf6 $18 d3 28. Rf7 (28. Rxc6 Qd4+ 29. Kh1 Qxe4 $11) 28... Qxe4 29. g3 (29. Rxd7 $2 Qxg2#) 29... Qd4+ 30. R1f2 Rg7 31. Qxg7+ Qxg7 32. Rxg7 Kxg7 33. Kf1 Kg6 34. Ke1 Ne5 35. Kd2 c4 36. Kc3 c5 37. Rf8 Ng4 38. Ra8 (38. Kxc4 d2 39. Rd8 (39. Rg8+ $2 Kf5 $19) 39... Ne3+ (39... Nxh2 $2 40. Rxd2 Nf1 41. Rd8 $18) 40. Kxc5 d1=Q (40... d1=R 41. Rxd1 Nxd1 42. b3 $11) 41. Rxd1 Nxd1 $11) 38... Nf6 39. Rxa7 Kf5 40. Rf7 (40. Kxc4 $2 d2 41. Ra5 (41. g4+ $2 Ke6 $19) 41... Nd7 $19 (41... d1=B $2 42. Rxc5+ Ke6 43. b4 $18)) 40... Ke6 {[%emt 0:00:00] [#]} 41. Rxf6+ $1 Kxf6 42. a4 (42. Kxc4 $2 d2 43. Kxc5 d1=Q $19 (43... d1=B $2 44. b4 $18)) 42... Ke5 43. g4 (43. Kxc4 d2 44. Kxc5 d1=Q (44... d1=B $2 45. a5 $18) 45. h3 Qc2+ (45... Qxa4 46. b4 Qc2+ 47. Kb6 Kd5 48. b5 Qg6+ 49. Kb7 Kc5 50. Kc8 Qf7 51. g4 Kxb5 52. Kd8 Kc6 53. h4 Qf8#) 46. Kb4 Qxb2+ 47. Kc4 Qc2+ 48. Kb5 Kd6 49. Kb4 Kd5 (49... Qc5+ 50. Kb3 Kd5 51. h4 Kd4 52. g4 Qc3+ 53. Ka2 Qb4 54. h5 Kc3 55. h6 Qb2#) 50. h4 Qb2+ (50... Qc5+ 51. Kb3 Kd4 52. h5 Qc3+ 53. Ka2 Qb4 54. h6 Kc3 55. Ka1 Qb2#) 51. Ka5 Kc5 52. h5 Qb6#) (43. a5 Ke4 44. a6 (44. Kxc4 $2 d2 $19) 44... Ke3 $11) 43... Kf4 {[%emt 0:00:19] [#]} 44. Kd2 $1 (44. Kxc4 $2 {loses.} d2 (44... Kxg4 45. Kxd3 h5 46. a5 Kh3 47. a6 Kxh2 48. a7 Kg3 49. Ke4) 45. Kxc5 d1=Q $19 (45... d1=B $2 46. a5 $18)) 1-0

[Event "Chinese League Division-A 2024"]
[Site "Fuling Chongqing"]
[Date "2024.07.02"]
[Round "6.18"]
[White "Peng, Xiongjian"]
[Black "Xu, Minghui"]
[Result "1-0"]
[ECO "C79"]
[WhiteElo "2521"]
[BlackElo "2388"]
[Annotator "TA"]
[PlyCount "132"]
[EventDate "2024.06.28"]
[EventType "team-tourn"]
[EventCountry "CHN"]
[SourceTitle "playchess.com"]
[Source "ChessBase"]
[SourceQuality "1"]
[TimeControl "40/5400+30:1800+30"]

1. e4 e5 2. Nf3 Nc6 3. Bb5 Nf6 4. d3 d6 5. O-O Bd7 6. c3 g6 7. Re1 a6 8. Ba4 Bg7 9. d4 b5 10. Bb3 O-O 11. h3 Re8 {[%emt 0:10:28] The position is equal.} 12. Nbd2 a5 13. dxe5 (13. d5 $14 Nb8 14. a4) 13... Nxe5 $11 14. Nxe5 Rxe5 15. Nf3 Re7 (15... Rxe4 $2 16. Bxf7+ Kxf7 17. Ng5+ Kf8 18. Nxe4 $18) 16. a4 bxa4 (16... Nxe4 $2 17. Bd5 Nxf2 18. Kxf2 Rxe1 19. Qxe1 $18) (16... Rxe4 $2 17. Bxf7+ Kh8 18. Rxe4 Nxe4 19. Bd5 $18) 17. Bc2 h6 18. Bf4 Qe8 19. e5 Nh5 20. Bh2 {[%emt 0:09:11] [#] Threatens to win with g4.} dxe5 21. Bxa4 Bxa4 22. Qxa4 Qxa4 23. Rxa4 Rb8 24. g4 Nf6 25. Re2 (25. Nxe5 Nd7 (25... Rxb2 26. Rxa5 h5 27. Re3 $11) 26. Nf3 (26. Rxa5 Rbe8 $17) 26... Rxe1+ 27. Nxe1 Rxb2 $17) 25... Nd5 26. Rxa5 Nb6 27. Rb5 (27. Bxe5 $2 Nc4 (27... f6 $2 28. Bxc7 Rxc7 29. Kg2 $19) 28. Rc5 Nxe5 29. Rexe5 (29. Nxe5 $2 Rbe8 $19) 29... Bxe5 30. Nxe5 Rxb2 $19) 27... Nd7 28. Ra5 Nb6 29. Nd4 (29. Bxe5 Nc4 (29... f6 $2 30. Bxc7 Rxc7 31. Kh1 $19) 30. Rc5 Nxe5 31. Rexe5 (31. Nxe5 $2 Rbe8 $19) 31... Bxe5 32. Nxe5 Rxb2 $17) 29... Rbe8 30. Nc6 Re6 31. Nb4 (31. Nxe5 $2 {too greedy.} f6 32. Rc5 R6e7 $19 (32... fxe5 $2 33. Rxc7 e4 34. c4 $19)) 31... f6 32. Rc5 R8e7 33. Rd2 Bf8 34. b3 Kg7 35. Rb5 Kf7 36. Kf1 Nc8 37. Rb8 Nd6 38. Nd5 Rd7 39. Ra2 Re8 40. Rxe8 Nxe8 41. Ne3 Ng7 (41... Rd3 $15 42. Rc2 Nd6) 42. Ke2 Ne6 43. b4 Ng5 44. h4 Ne4 45. Rc2 h5 46. f3 Nd6 47. c4 (47. gxh5 $11 gxh5 48. Bg3) 47... Ke6 (47... c6 $15 {is superior.}) 48. Ra2 Bh6 {[%emt 0:01:57] Strongly threatening ...Bxe3.} 49. Ra6 {[%emt 0:00:37] c5 would now be deadly.} Bf4 50. Bg1 (50. Bxf4 $14 exf4 51. Ng2 hxg4 52. c5 gxf3+ 53. Kxf3) 50... Kf7 51. Rc6 hxg4 52. fxg4 e4 53. Nd5 Be5 54. Nxc7 f5 55. b5 Nxc4 $1 56. Rxc4 Rxc7 57. Rxc7+ Bxc7 {[%emt 0:00:01][%mdl 4096] Endgame. KB-KB} 58. Ba7 {[%emt 0:03:26] Hoping for gxf5.} fxg4 59. b6 Bh2 {[%emt 0:02:56] White must now prevent ...Bg1.} 60. b7 g5 61. h5 Kg7 $1 62. Bd4+ (62. b8=Q {simplifies} Bxb8 63. Bxb8 Kh6 64. Ke3) 62... Kh6 63. Ke3 Kxh5 $2 {[%emt 0:00:29][%mdl 8192] [#]} (63... Bb8 $11) 64. Kxe4 {[%emt 0:00:05] White mates.} Bb8 65. Be5 Ba7 66. Bg3 ({Worse is} 66. b8=B Bxb8 67. Bxb8 Kh4 $11) 66... Kg6 {[%emt 0:02:05] Weighted Error Value: White=0.08 (flawless) /Black=0.07 (flawless) .  Loses game:     	---       	Black=1      Mistake:       	White=3     	Black=2      Inaccurate:     	White=2     	Black=4      OK:         	White=19    	Black=33     Best:        	White=3     	---        Strong:       	---       	Black=2} 1-0

[Event "Chinese League Division-A 2024"]
[Site "Fuling Chongqing"]
[Date "2024.07.02"]
[Round "6.19"]
[White "Ding, Yixin"]
[Black "Sun, Fanghui"]
[Result "1-0"]
[ECO "B93"]
[WhiteElo "2397"]
[BlackElo "2115"]
[Annotator "TA"]
[PlyCount "79"]
[EventDate "2024.06.28"]
[EventType "team-tourn"]
[EventCountry "CHN"]
[SourceTitle "playchess.com"]
[Source "ChessBase"]
[SourceQuality "1"]
[TimeControl "40/5400+30:1800+30"]

1. e4 c5 2. Nf3 d6 3. d4 cxd4 4. Nxd4 Nf6 5. Nc3 a6 6. f4 e5 7. Nf3 Nbd7 8. a4 Be7 9. Bc4 O-O 10. O-O Qc7 11. Qe2 b6 12. Kh1 Bb7 13. Nh4 Rfe8 (13... Nc5 $11) 14. Nf5 $14 Bf8 15. fxe5 Nxe5 16. Bb3 {[%emt 0:01:04][%cal Of5h6] And now Nh6+! would win.} d5 17. Nxd5 {[%emt 0:05:00] White is more active.} (17. exd5 $14 Neg4 18. Bf4) 17... Bxd5 $11 18. Bxd5 (18. exd5 Neg4 19. d6 (19. Bf4 $2 Qxf4 20. Rxf4 Rxe2 $19) 19... Bxd6 $17) 18... Nxd5 19. exd5 Rad8 20. Bf4 (20. Qxa6 Ng4 21. d6 Qc5 $17 (21... Bxd6 22. h3 $16)) (20. Ne3 {simplifies} Qc8 21. Bd2 Bc5 22. Bc3) 20... Qc4 21. Rae1 {[%emt 0:07:36] Qxc4 is the strong threat.} Qxd5 22. Bxe5 $18 {[%emt 0:02:15][%cal Of5h6] [#] Black must now prevent Nh6+!} f6 23. Qg4 h5 $2 (23... Rxe5 $2 24. Rxe5 (24. Nh6+ Kh8 $18) 24... Qd2 25. Re2 $18) (23... fxe5 24. Nh6+ Kh8) 24. Nh6+ $2 ({Stronger than} 24. Qxh5 Rxe5 25. Qg4 Rxe1 26. Rxe1 Qc5 $11) (24. Qg6) 24... Kh7 25. Qf5+ ({Less strong is} 25. Qxh5 Rxe5 26. Nf5+ Kg8 $11) 25... g6 26. Qxf6 Bxh6 27. Bc3 (27. Rd1 $142 Rxe5 28. Qxd8 Qxd8 29. Rxd8) 27... Qb7 28. Rxe8 Rxe8 {[%emt 0:00:04] [#]} 29. Qf7+ Qxf7 30. Rxf7+ {[%emt 0:00:02][%mdl 4096] Endgame. KRB-KRB} Kg8 31. Rf6 Be3 32. Rxg6+ Kh7 33. Rg7+ Kh6 34. Ra7 ({White should play} 34. g3 $18) 34... a5 (34... h4 $16 35. Rf7 (35. Rxa6 {leads to mate.} Rd8) 35... Re4) 35. g3 Bc5 36. Rc7 Be3 $2 {[%emt 0:03:20] Loses the game.} (36... Re2 $16 {is a better defense.} 37. Bxa5 Kg5) 37. Kg2 Kg5 38. Kf3 {[%emt 0:00:57] Hoping for Rc6.} h4 39. Rg7+ Kh6 40. gxh4 {[%emt 0:00:00] Weighted Error Value: White=0.49/Black=0.57.  Loses game:     	---       	Black=2      Mistake:       	White=4     	Black=3      Inaccurate:     	White=3     	Black=2      OK:         	White=11    	Black=7      Best:        	White=2     	Black=5} 1-0

[Event "Chinese League Division-A 2024"]
[Site "Fuling Chongqing"]
[Date "2024.07.02"]
[Round "6.20"]
[White "Zhang, Lanlin"]
[Black "Zhu, Jiner"]
[Result "0-1"]
[ECO "B33"]
[WhiteElo "2161"]
[BlackElo "2476"]
[Annotator "TA"]
[PlyCount "86"]
[EventDate "2024.06.28"]
[EventType "team-tourn"]
[EventCountry "CHN"]
[SourceTitle "playchess.com"]
[Source "ChessBase"]
[SourceQuality "1"]
[TimeControl "40/5400+30:1800+30"]

1. e4 c5 2. Nf3 Nc6 3. d4 cxd4 4. Nxd4 Nf6 5. Nc3 e5 6. Ndb5 d6 7. Bg5 a6 8. Na3 b5 9. Nd5 Be7 10. Bxf6 Bxf6 11. c3 O-O 12. Nc2 Bg5 13. h4 Bh6 14. g4 Bf4 15. g5 Rb8 16. Bh3 Be6 17. Nce3 (17. Nxf4 $11 exf4 18. Bxe6 fxe6 19. Qd2) 17... b4 (17... Bxe3 {simplifies} 18. Nxe3 b4 19. Qd3 bxc3 20. bxc3 Na5) 18. Bf5 (18. c4 $15) 18... Bxe3 (18... bxc3 $17 19. bxc3 Ne7) 19. Bxh7+ $2 (19. Nxe3 $15 bxc3 20. bxc3) 19... Kxh7 $19 20. Qh5+ Kg8 21. Nf6+ (21. fxe3 $142 Bxd5 22. exd5) 21... gxf6 22. fxe3 Re8 {[%emt 0:00:12] ...bxc3 would now be deadly.} 23. Qh6 {[%emt 0:00:32] [#]} f5 $1 {[%emt 0:00:08] aiming for ...Qb6.} (23... fxg5 24. hxg5) 24. Rg1 bxc3 ({Less strong is} 24... fxe4 25. g6 Qf6 26. O-O-O $17) 25. bxc3 fxe4 $2 (25... Qa5 26. Rc1 Qa3 (26... Qxa2 27. g6 $11)) 26. g6 {[%emt 0:00:40] White wants to mate with gxf7+.} Qf6 27. O-O-O {[%emt 0:00:28] Wards off Rb2} (27. gxf7+ Kxf7 28. Qh7+ Kf8 29. Rf1 Qxf1+ (29... Bf5 $2 30. Rxf5 $18) 30. Kxf1) 27... Bxa2 28. gxf7+ Kxf7 {[%emt 0:00:04] [#] ( -> ...Rb1+)} 29. Rgf1 Rb1+ {[%emt 0:01:23] Black mates.} 30. Kc2 Qxf1 31. Qh7+ Ke6 32. Qg6+ Qf6 33. Rxd6+ Kxd6 34. Qxf6+ Re6 35. Qf8+ Kc7 36. h5 Rh1 37. Kb2 Rh2+ 38. Kc1 Rd6 39. Qg7+ Rd7 40. Qg3 Rxh5 41. Qg4 Rh1+ 42. Kb2 Rd2+ 43. Ka3 Bc4 {[%emt 0:00:18] White did not feel at home in the position after the opening.   Weighted Error Value: White=1.26/Black=0.50.  Loses game:     	White=1     	---        Mistake:       	White=4     	Black=1      OK:         	White=1     	Black=3      Best:        	---       	Black=1} 0-1

[Event "Chinese League Division-A 2024"]
[Site "Fuling Chongqing"]
[Date "2024.07.02"]
[Round "6.21"]
[White "Xu, Yi"]
[Black "Wang, Hao"]
[Result "0-1"]
[ECO "C47"]
[WhiteElo "2496"]
[BlackElo "2702"]
[Annotator "TA"]
[PlyCount "80"]
[EventDate "2024.06.28"]
[EventType "team-tourn"]
[EventCountry "CHN"]
[SourceTitle "playchess.com"]
[Source "ChessBase"]
[SourceQuality "1"]
[TimeControl "40/5400+30:1800+30"]

1. e4 e5 2. Nf3 Nc6 3. Nc3 Nf6 4. d4 exd4 5. Nxd4 Bb4 6. Nxc6 bxc6 7. Bd3 d5 8. Bd2 Bg4 9. Qc1 O-O 10. O-O {[%emt 0:03:45] The position is equal.} Bxc3 11. Bxc3 dxe4 12. Bxf6 Qxf6 13. Bxe4 Rfe8 14. f3 Bf5 15. Bxf5 Qxf5 16. Qd2 {[%emt 0:00:28] Wards off Re2} Qc5+ 17. Qf2 Qb5 18. b3 Re2 19. c4 Rxf2 20. cxb5 Rxf1+ 21. Kxf1 cxb5 $11 {[%emt 0:00:02][%mdl 4096] Endgame. KR-KR} 22. Rc1 Rc8 23. Rc6 g6 24. Ra6 c5 25. Rxa7 c4 26. bxc4 bxc4 {[%emt 0:00:06] White must now prevent ...c3.} 27. Rd7 Kg7 (27... c3 $5 28. Rd1 $8 Ra8 $11) 28. Ke2 Kf6 29. Ke3 {[%emt 0:05:10] [#]} (29. Rd2 $11 {keeps the balance.}) 29... Re8+ $1 $17 30. Kf4 {[%emt 0:22:32] [#]} (30. Kd4 $15) 30... g5+ $1 31. Kg3 (31. Kg4 $17 {might work better.}) 31... Rc8 $19 {[%emt 0:01:03] Hoping for ...c3.} 32. Kf2 Ke6 33. Rd1 Ra8 34. Rd2 (34. a3 $17) 34... Ra3 ({Better is} 34... Ke5 $19 {And now ...c3 would win.} 35. Ke1 c3) 35. g4 $2 {[%emt 0:03:04][%mdl 8192] This move loses the game for White.} (35. Rd4 $17) 35... c3 36. Rc2 Kd5 37. Ke3 Kc4 38. h4 $2 (38. Ke2) 38... gxh4 39. Rh2 Ra6 ({Stronger than} 39... c2+ 40. Kd2 $11) 40. Rxh4 Re6+ {[%emt 0:00:00] Weighted Error Value: White=0.67/Black=0.02 (flawless) .  Loses game:     	White=1     	---        Mistake:       	White=5     	Black=1      Inaccurate:     	White=1     	---        OK:         	White=16    	Black=14     Best:        	White=3     	Black=5      Strong:       	---       	Black=1} 0-1

[Event "Chinese League Division-A 2024"]
[Site "Fuling Chongqing"]
[Date "2024.07.02"]
[Round "6.22"]
[White "Zhao, Jun"]
[Black "Lou, Yiping"]
[Result "1/2-1/2"]
[ECO "C67"]
[WhiteElo "2538"]
[BlackElo "2442"]
[Annotator "TA"]
[PlyCount "75"]
[EventDate "2024.06.28"]
[EventType "team-tourn"]
[EventCountry "CHN"]
[SourceTitle "playchess.com"]
[Source "ChessBase"]
[SourceQuality "1"]
[TimeControl "40/5400+30:1800+30"]

1. e4 e5 2. Nf3 Nc6 3. Bb5 Nf6 4. O-O Nxe4 5. Re1 Nd6 6. Nxe5 Be7 7. Bf1 Nxe5 8. Rxe5 O-O 9. d4 Ne8 10. c4 Bf6 11. Re1 d5 12. cxd5 Qxd5 13. Be3 Bf5 14. Nc3 Qd7 15. a4 Nd6 16. a5 Ne4 17. a6 Nxc3 18. bxc3 c6 (18... b6 $11) 19. axb7 $16 Qxb7 20. Qf3 Be6 21. Reb1 Qd7 22. Ra6 {[%emt 0:00:03][%cal Of1d3] White is more active.} Bd5 23. Qg3 Rfe8 24. h3 Qe7 25. Rba1 h5 26. c4 Be4 27. R1a5 (27. R1a4 $14 {deserves consideration.}) 27... Qd8 $11 28. d5 Be5 (28... Rb8 {feels hotter.} 29. Rxa7 Rb1 30. d6 Qb8) 29. Bf4 Bxf4 30. Qxf4 cxd5 31. Rxa7 Rxa7 32. Rxa7 Re7 {[%emt 0:00:04] [#]} (32... Bg6 $14 {should be considered.}) 33. Qh4 (33. Rxe7 $1 $16 Qxe7 34. Qe3) 33... Rd7 {[%emt 0:00:16] The position is equal.} 34. Qxd8+ (34. Qxh5 $2 {perishes.} Rxa7 35. Qe5 Re7 $19) 34... Rxd8 35. f3 Bc2 {[%emt 0:01:38] Strongly threatening ...d4.} 36. Ra2 Bb3 37. Rd2 Kf8 38. cxd5 {[%emt 0:00:04] Weighted Error Value: White=0.14 (very precise) /Black=0.14 (very precise) .  Mistake:       	White=2     	Black=2      Inaccurate:     	White=3     	Black=2      OK:         	White=7     	Black=10     Best:        	White=2     	Black=1} 1/2-1/2

[Event "Chinese League Division-A 2024"]
[Site "Fuling Chongqing"]
[Date "2024.07.02"]
[Round "6.23"]
[White "Meng, Yihan"]
[Black "Pang, Tao"]
[Result "1/2-1/2"]
[ECO "C01"]
[WhiteElo "2268"]
[BlackElo "2495"]
[Annotator "TA"]
[PlyCount "60"]
[EventDate "2024.06.28"]
[EventType "team-tourn"]
[EventCountry "CHN"]
[SourceTitle "playchess.com"]
[Source "ChessBase"]
[SourceQuality "1"]
[TimeControl "40/5400+30:1800+30"]

1. e4 e6 2. d4 d5 3. exd5 exd5 4. Nf3 Nf6 5. Bd3 c5 6. dxc5 Bxc5 7. O-O O-O 8. Nc3 Nc6 9. h3 h6 10. Bf4 Be6 11. a3 Re8 12. Qd2 d4 (12... Qd7 {feels hotter.} 13. Bxh6 Bxh3 14. Bxg7 Qg4) 13. Ne4 Nxe4 14. Bxe4 Bd5 15. Bxd5 Qxd5 16. Rfe1 Qf5 17. Bg3 a6 18. Rxe8+ Rxe8 19. Re1 Re6 20. Rxe6 Qxe6 21. Ne1 Bd6 {[%emt 0:01:52] The position is equal.} 22. Bxd6 Qxd6 $11 {[%emt 0:00:01][%mdl 4096] Endgame. KQN-KQN} 23. Nf3 Qc5 24. Qd3 Ne5 25. Nxe5 Qxe5 {[%emt 0:00:05] KQ-KQ} 26. g3 g6 27. h4 h5 28. Kg2 Kg7 29. Kf1 Qd5 30. c3 Qh1+ {[%emt 0:00:04] A rather calm draw.   Weighted Error Value: White=0.04 (flawless) /Black=0.04 (flawless) .  Inaccurate:     	White=1     	---        OK:         	White=9     	Black=6      Best:        	---       	Black=1} 1/2-1/2

[Event "Chinese League Division-A 2024"]
[Site "Fuling Chongqing"]
[Date "2024.07.02"]
[Round "6.24"]
[White "Song, Yuxin"]
[Black "Zhang, Xiaowen"]
[Result "1/2-1/2"]
[ECO "B40"]
[WhiteElo "2383"]
[BlackElo "2261"]
[Annotator "TA"]
[PlyCount "53"]
[EventDate "2024.06.28"]
[EventType "team-tourn"]
[EventCountry "CHN"]
[SourceTitle "playchess.com"]
[Source "ChessBase"]
[SourceQuality "1"]
[TimeControl "40/5400+30:1800+30"]

1. e4 e6 2. d4 d5 3. Nd2 c5 4. Ngf3 cxd4 5. Nxd4 Nc6 6. Nxc6 bxc6 7. Bd3 Nf6 8. O-O Qc7 9. Qe2 Bd6 10. h3 O-O 11. b3 e5 12. Bb2 Bb7 13. Rae1 Rae8 14. f4 Nd7 (14... exf4 $2 {is the wrong capture.} 15. Bxf6 gxf6 16. Qg4+ Kh8 17. exd5 $18) 15. Qh5 Nc5 (15... exf4 $2 {too greedy.} 16. exd5 g6 17. Qh6 $18) 16. exd5 Nxd3 17. cxd3 exf4 (17... Bb4 $14 18. Rd1 cxd5 (18... exf4 19. Bxg7 Kxg7 20. Qg5+ Kh8 21. Qf6+ Kg8 22. Rxf4 $18)) 18. Ne4 $16 {[%emt 0:13:24] White is more active.} Be5 {[%emt 0:00:56] [#] Against Nf6+} (18... Rxe4 $16 19. dxe4 cxd5) 19. Ba3 $2 (19. d6 $1 $18 Qb6+ (19... Bxd6 20. Nf6+ gxf6 21. Qg4+ Kh8 22. Bxf6#) 20. Kh1) 19... cxd5 $15 20. Ng5 {[%emt 0:01:14][%csl Gg5][%cal Rh5h7] [#]} h6 $36 {[%emt 0:01:58][%mdl 2048] Black has the initiative.} 21. Bxf8 hxg5 22. Bxg7 {[%emt 0:12:36] The position is equal.} Kxg7 23. Qxg5+ Kh7 (23... Kf8 $5 24. Qh6+ $8 Kg8 25. Qg5+ Kf8 26. Qh6+ Kg8 27. Qg5+ Kf8 $11) 24. Qh5+ Kg7 25. Qg5+ Kh7 26. Qh5+ Kg7 {[%emt 0:00:08] aiming for ...Re7.} 27. Qg5+ {[%emt 0:00:05] Weighted Error Value: White=0.23 (precise) /Black=0.26 (precise) .  Loses game:     	---       	Black=1      Missed win:     	White=1     	---        Mistake:       	---       	Black=1      Inaccurate:     	---       	Black=1      OK:         	White=9     	Black=6      Best:        	White=3     	---} 1/2-1/2

[Event "Chinese League Division-A 2024"]
[Site "Fuling Chongqing"]
[Date "2024.07.02"]
[Round "6.25"]
[White "Ju, Wenjun"]
[Black "Li, Xueyi"]
[Result "1/2-1/2"]
[ECO "B12"]
[WhiteElo "2558"]
[BlackElo "2209"]
[Annotator "TA"]
[PlyCount "99"]
[EventDate "2024.06.28"]
[EventType "team-tourn"]
[EventCountry "CHN"]
[SourceTitle "playchess.com"]
[Source "ChessBase"]
[SourceQuality "1"]
[TimeControl "40/5400+30:1800+30"]

1. e4 c6 2. d4 d5 3. e5 Bf5 4. h4 h5 5. Bd3 Bxd3 6. Qxd3 Qa5+ 7. Nd2 {[%emt 0:00:16][%cal Oe5e6,Bb1d2,Bd2b3,Bb3a5][%mdl 32] aiming for e6!} e6 8. Ngf3 Nh6 9. c3 Qa6 10. Qxa6 Nxa6 11. b4 Nb8 12. Nb3 Nd7 13. Na5 O-O-O 14. Bxh6 gxh6 15. O-O Be7 16. Nb3 Rhg8 17. g3 f6 18. Rae1 {[%emt 0:11:34][%cal Ba1e1,Be1e6,Be6h6][%mdl 32] Strongly threatening exf6.} fxe5 {[%emt 0:04:29] The position is equal.} 19. Nxe5 Bxh4 20. Nxd7 Rxd7 21. Rxe6 Bd8 22. Rxh6 h4 23. Kg2 hxg3 24. fxg3 Bc7 25. Rf3 Rdg7 26. Rh3 Re7 27. Kf2 Rge8 28. Nc1 a5 29. bxa5 Bxa5 30. Rh1 Bc7 31. Kg2 Bd6 32. Rhf1 Rg7 33. R1f2 Rh8 34. Nd3 Rhg8 35. Ne5 Bxe5 36. dxe5 $11 {[%emt 0:00:02][%mdl 4096] Endgame. KRR-KRR} Kd7 37. Re3 Ke6 38. Rf6+ Ke7 39. Rf4 Ke6 40. Kh3 Rg6 41. a4 c5 42. Rh4 Rd8 43. Kg2 d4 44. cxd4 cxd4 45. Rd3 Kxe5 46. Kf3 Rf8+ 47. Ke2 Rfg8 48. Rhxd4 Rxg3 49. Rd5+ Ke6 50. Rd6+ {[%emt 0:00:02] Weighted Error Value: White=0.03 (flawless) /Black=0.02 (flawless) .  Inaccurate:     	White=1     	Black=2      OK:         	White=24    	Black=23     Best:        	---       	Black=2} 1/2-1/2

[Event "Chinese League Division-A 2024"]
[Site "Fuling Chongqing"]
[Date "2024.07.02"]
[Round "6.26"]
[White "Huang, Renjie"]
[Black "Xu, Yinglun"]
[Result "1/2-1/2"]
[ECO "C83"]
[WhiteElo "2480"]
[BlackElo "2526"]
[Annotator "TA"]
[PlyCount "59"]
[EventDate "2024.06.28"]
[EventType "team-tourn"]
[EventCountry "CHN"]
[SourceTitle "playchess.com"]
[Source "ChessBase"]
[SourceQuality "1"]
[TimeControl "40/5400+30:1800+30"]

1. e4 e5 2. Nf3 Nc6 3. Bb5 a6 4. Ba4 Nf6 5. O-O Nxe4 6. d4 b5 7. Bb3 d5 8. dxe5 Be6 9. Be3 Be7 10. c3 Qd7 11. Nbd2 Rd8 12. Nd4 (12. Re1 $142) 12... Nxd2 $11 13. Bxd2 Nxe5 14. Qh5 {[%emt 0:09:53] Black has an edge.} Nc4 15. Nxe6 Qxe6 16. Bf4 O-O 17. Bxc7 Rd7 {[%emt 0:00:27] [#] Hoping for ...g6.} 18. Rfe1 Qg6 {[%emt 0:01:25] The position is equal.} 19. Qxg6 hxg6 20. Bxc4 dxc4 21. Ba5 Rc8 22. Rad1 Rxd1 23. Rxd1 {[%emt 0:00:03][%mdl 4096] Endgame. KRB-KRB} Kf8 24. Kf1 Rc6 25. Rd7 Ke8 26. Rb7 Bc5 27. Bc7 g5 28. Be5 g6 29. Bb8 Rb6 30. Rxb6 {[%emt 0:00:05] Weighted Error Value: White=0.04 (flawless) /Black=0.02 (flawless) .  OK:         	White=8     	Black=10     Best:        	White=1     	Black=1} 1/2-1/2

[Event "Chinese League Division-A 2024"]
[Site "Fuling Chongqing"]
[Date "2024.07.02"]
[Round "6.27"]
[White "Xie, Kaifan"]
[Black "Xiao, Tong"]
[Result "1-0"]
[ECO "E18"]
[WhiteElo "2376"]
[BlackElo "2518"]
[Annotator "RC"]
[PlyCount "159"]
[EventDate "2024.06.28"]
[EventType "team-tourn"]
[EventCountry "CHN"]
[SourceTitle "playchess.com"]
[Source "ChessBase"]
[SourceQuality "1"]
[TimeControl "40/5400+30:1800+30"]

1. d4 Nf6 2. c4 e6 3. Nf3 b6 4. g3 Bb4+ 5. Bd2 Be7 6. Nc3 Bb7 7. Bg2 O-O 8. O-O d5 9. cxd5 exd5 10. Ne5 Nbd7 11. Bf4 c6 12. Rc1 Nh5 13. Nxd7 Qxd7 14. Nxd5 cxd5 15. Rc7 Qe6 16. Rxb7 Nxf4 17. gxf4 Bf6 18. Rc7 Qd6 19. Rc2 Qxf4 20. e3 Qd6 21. Qf3 Rac8 22. Rxc8 Rxc8 23. Qxd5 Qxd5 24. Bxd5 g6 25. Bb3 b5 26. Rd1 a5 27. a4 bxa4 28. Bxa4 Rc4 29. Ra1 Kg7 30. Kf1 Be7 31. Bd1 Bd8 32. Ke2 Kh6 33. Kd3 Rb4 34. b3 f5 35. Rc1 Kg5 36. Rc8 Bb6 37. Kc3 Kh4 38. Rh8 h5 39. Rh6 Kg5 40. Rh7 Kh4 41. f4 Bd8 42. Rd7 Rb8 43. Rd6 Rc8+ 44. Kd2 g5 45. Rh6 g4 46. Bc2 Rb8 47. Ke2 Rb5 48. Rh7 Bb6 49. Kd2 a4 50. bxa4 Ba5+ 51. Kc1 Rb6 52. Kd1 Rb2 53. Kc1 Ra2 54. d5 Bb6 55. d6 Ra1+ 56. Kd2 Rh1 57. Bxf5 Rxh2+ 58. Kd3 Rh1 59. Bg6 Rd1+ 60. Ke2 Rxd6 61. Rxh5+ Kg3 62. Bf5 Bd8 63. Rh1 Kg2 64. Be4+ Kg3 65. Rg1+ Kh3 66. Bf5 Ba5 67. Rxg4 Rd2+ 68. Kf3 Kh2 69. Be4 Ra2 70. Bc6 Be1 71. f5 Kh3 72. Rf4 Bg3 73. Rc4 Be5 74. Ke4 Bg7 75. Kd5 Re2 76. e4 Kg4 77. a5 Kg5 78. Ke6 Ra2 79. Ra4 Rc2 80. Bd5 1-0